 Dungeon Crawl Stone Soup version 0.30-b1-2-g02819fbbbe (webtiles) character file.

Game seed: 14270731460673654516

(classic levelgen) 805 EnegeticOcto the Chopper (level 7, -2/62 HPs)
             Began as a Minotaur Fighter on May 9, 2023.
             Succumbed to a gnoll sergeant's poison
             ... on level 5 of the Dungeon.
             The game lasted 00:02:16 (3730 turns).

EnegeticOcto the Chopper (Minotaur Fighter)         Turns: 3730, Time: 00:02:16

Health: -2/62      AC:  7    Str: 21    XL:     7   Next: 60%
Magic:  6/6        EV:  9    Int:  9    God:
Gold:   126        SH:  5    Dex:  9    Spells: 6/6 levels left

rFire   . . .        a - +0 war axe
rCold   . . .        c - +0 buckler
rNeg    . . .        b - +0 scale mail
rPois   .            (helmet restricted)
rElec   .            (no cloak)
rCorr   .            (no gloves)
SInv    .            (no boots)
Will    .....        (no amulet) Stlth
                     (no ring)
HPRegen 0.30/turn    (no ring)
MPRegen 0.10/turn

%: no passive effects
@: brilliant, lethally poisoned (-2 -> -19)
A: horns 2, retaliatory headbutt, clever 1, screaming 1, noise suppression
a: no special abilities


You were on level 5 of the Dungeon.
You visited 1 branch of the dungeon, and saw 5 of its levels.

You collected 201 gold pieces.
You spent 75 gold pieces at shops.

Inventory:

Hand Weapons
 a - a +0 war axe (weapon)
Missiles
 w - a throwing net (quivered)
Armour
 b - a +0 scale mail (worn)
 c - a +0 buckler (worn)
Jewellery
 k - a ring of magical power
   (You found it on level 2 of the Dungeon)
Wands
 n - a wand of roots (12) {@v2}
   (You found it on level 2 of the Dungeon)
 v - a wand of polymorph (6)
   (You found it on level 5 of the Dungeon)
Scrolls
 e - 2 scrolls of fear
 f - a scroll of fog
 g - 2 scrolls of enchant weapon
 h - 3 scrolls of noise {unknown}
 l - 2 scrolls of immolation
 m - a scroll of enchant armour
 t - a scroll of blinking {@r4}
 u - a scroll of teleportation {unknown}
Potions
 d - 2 potions of might {@q3}
 i - a potion of haste {unknown}
 j - 3 potions of lignification {unknown}
 o - a potion of berserk rage {unknown}
 p - a potion of flight {unknown}
 q - a potion of brilliance
 r - a potion of invisibility


   Skills:
 + Level 5.8 Fighting
 * Level 6.9 Axes
 + Level 5.9 Armour
 + Level 5.8 Shields


You had 6 spell levels left.
You didn't know any spells.
Your spell library was empty.

Dungeon Overview and Level Annotations

Branches:
Dungeon (5/15)
 Temple: D:4-7

Altars:
Okawaru
Sif Muna
Wu Jian

Shops:
D:1 [   D:4 (?((:


Innate Abilities, Weirdness & Mutations

You have a pair of horns on your head.
You reflexively headbutt those who attack you in melee.
Your mind is acute. (Int +4, Str/Dex -1)
You occasionally shout uncontrollably at your foes.
You passively dampen the noise of your surroundings.


Message History

Found a stone staircase leading up.
Items here: )) [[ ††.
You now have 126 gold pieces (gained 16).
Items here: )) [[ ††.
You open the door. 2 gnolls come into view.
The gnoll moves out of view.
A gnoll is nearby!
A gnoll is nearby!
A gnoll is nearby!
A gnoll is nearby!
A gnoll is nearby!
A gnoll sergeant and a gnoll come into view.
The gnoll sergeant is wielding a +0 spear of venom.
The gnoll sergeant shouts!
The gnoll shouts!
You hear a shout!
The gnoll hits you with a +0 flail.
You closely miss the gnoll. You headbutt the gnoll!
The gnoll is almost dead.
The gnoll hits you with a +0 flail!
The gnoll sergeant hits you but does no damage.
You are poisoned.
You slash the gnoll!
You kill the gnoll!
You feel very sick.
A gnoll comes into view. It is wielding a +0 spear.
The gnoll sergeant hits you but does no damage.
You are more poisoned.
You feel very sick.
The gnoll sergeant hits you with a +0 spear of venom.
The gnoll misses you.
You see here a +0 flail.
You closely miss the gnoll sergeant.
Your headbutt misses the gnoll sergeant.
You closely miss the gnoll.
You feel very sick.
The gnoll hits you but does no damage. x2
The gnoll sergeant hits you but does no damage.
You are more poisoned.
You hit the gnoll sergeant.
You headbutt the gnoll sergeant, but do no damage.
The gnoll sergeant is moderately wounded.
You slash the gnoll!
You feel very sick. The gnoll barely misses you. You furiously retaliate!
You headbutt the gnoll!
You kill the gnoll!
The gnoll hits you but does no damage. The gnoll completely misses you.
You furiously retaliate!
You headbutt the gnoll. The gnoll closely misses you.
The gnoll sergeant hits you with a +0 spear of venom!
You are lethally poisoned!
You are too injured to fight recklessly!
You are too injured to fight recklessly!
You are too injured to fight recklessly!
You are too injured to fight recklessly!
You are too injured to fight recklessly!
You are too injured to fight recklessly!
You are too injured to fight recklessly!
You are too injured to fight recklessly!
You are too injured to fight recklessly!
You are too injured to fight recklessly!
It was a potion of brilliance.
You feel clever all of a sudden.
You feel extremely sick. You block the gnoll's attack.
The gnoll hits you with a +0 whip.
* * * LOW HITPOINT WARNING * * *
The gnoll sergeant hits you with a +0 spear of venom.
* * * LOW HITPOINT WARNING * * *
It was a potion of curing.
You feel better. You block the gnoll's attack.
The gnoll sergeant hits you but does no damage.
You are poisoned.
The gnoll hits you with a +0 whip.
* * * LOW HITPOINT WARNING * * *
You feel better. The gnoll barely misses you.
The gnoll hits you with a +0 whip.
* * * LOW HITPOINT WARNING * * *
You block the gnoll sergeant's attack.
You barely miss the gnoll sergeant.
The gnoll sergeant is moderately wounded.
You slash the gnoll!
You kill the gnoll!
The gnoll sergeant hits you with a +0 spear of venom!
* * * LOW HITPOINT WARNING * * *
You are lethally poisoned!
The gnoll hits you from afar with a +0 spear.
* * * LOW HITPOINT WARNING * * *
You feel better.
The gnoll hits you from afar with a +0 spear.
* * * LOW HITPOINT WARNING * * *
The gnoll sergeant hits you with a +0 spear of venom.
* * * LOW HITPOINT WARNING * * *
You are lethally poisoned!
You slash the gnoll sergeant!
The gnoll sergeant is severely wounded.
* * * LOW HITPOINT WARNING * * *
You feel sick. You block the gnoll's attack.
The gnoll sergeant hits you with a +0 spear of venom.
* * * LOW HITPOINT WARNING * * *
You are more poisoned.
You slice the gnoll sergeant!!
You kill the gnoll sergeant!
You die...

.#..###........#
##....<............ ..
##................# ...
#.................##....
........##.........#....
.###....# ..............
##...##########...g....# #....#
.... #))....... .....# #...#.@#
.....## #..#.## ......+ #.'.#
..## ......#
#..#.####...###.... (.....#
#...#.# ........... . ......#
.... #.# #.#.......#.. ..##.##
#######.###............
).#.#.#...........#............
)...........<.##..#............


You could see a gnoll.

Vanquished Creatures
  An ogre (D:5)
  A phantom (D:5)
  A gnoll sergeant (D:5)
  2 scorpions
  3 orc priests
  4 hounds
  Jessica (D:3)
  An iguana (D:2)
  2 orc wizards
  7 adders
  7 gnolls (D:5)
  2 worms (D:2)
  A dart slug (D:4)
  11 orcs
  8 bats
  2 endoplasms (D:1)
  3 giant cockroaches (D:1)
  4 goblins
  7 hobgoblins
  2 jackals (D:1)
  5 kobolds
  3 quokkas
  4 ball pythons
  4 frilled lizards
  2 rats (D:2)
88 creatures vanquished.

Notes
Turn   | Place    | Note
-------+----------+-------------------------------------------
     0 | D:1      | EnegeticOcto the Minotaur Fighter began the quest for the
                  | Orb.
     0 | D:1      | Reached XP level 1. HP: 19/19 MP: 0/0
    59 | D:1      | Reached XP level 2. HP: 27/27 MP: 1/1
    67 | D:1      | Found Duhezoi's Armour Emporium.
   248 | D:1      | Reached skill level 3 in Axes
   741 | D:1      | Reached XP level 3. HP: 30/33 MP: 2/2
  1077 | D:2      | Reached XP level 4. HP: 24/40 MP: 3/3
  1233 | D:2      | Reached skill level 4 in Axes
  1778 | D:3      | Reached XP level 5. HP: 37/47 MP: 4/4
  1778 | D:3      | Gained mutation: Your mind is acute. (Int +4, Str/Dex -1)
                  | [potion of mutation]
  1778 | D:3      | Gained mutation: Armour fits poorly on your strangely
                  | shaped body. [potion of mutation]
  1778 | D:3      | Gained mutation: You occasionally shout uncontrollably at
                  | your foes. [potion of mutation]
  1778 | D:3      | Gained mutation: Your flesh is cold resistant. (rC+)
                  | [potion of mutation]
  1953 | D:3      | Lost mutation: Armour fits poorly on your strangely shaped
                  | body. [potion of mutation]
  1953 | D:3      | Lost mutation: Your flesh is cold resistant. (rC+) [potion
                  | of mutation]
  1953 | D:3      | Gained mutation: You passively dampen the noise of your
                  | surroundings. [potion of mutation]
  2152 | D:3      | Noticed Jessica
  2161 | D:3      | Killed Jessica
  2162 | D:3      | Reached skill level 5 in Axes
  2323 | D:3      | Found a shimmering blue altar of Sif Muna.
  2324 | D:3      | Found an ornate altar of the Wu Jian Council.
  2571 | D:4      | Found Lisufomo's Weapon Emporium.
  2585 | D:4      | Found Unlenoej's Weapon Boutique.
  2587 | D:4      | Found Guub Nybb's Book Shop.
  2628 | D:4      | Reached skill level 5 in Armour
  2628 | D:4      | Reached XP level 6. HP: 17/55 MP: 5/5
  2632 | D:4      | Reached skill level 5 in Fighting
  2632 | D:4      | Reached skill level 5 in Shields
  2898 | D:4      | Found Lathren's Magic Scroll Shoppe.
  2911 | D:4      | Bought a scroll of blinking for 75 gold pieces
  2911 | D:4      | Found Sydiotz's Weapon Emporium.
  3104 | D:4      | Found an iron altar of Okawaru.
  3297 | D:5      | Entered Level 5 of the Dungeon
  3331 | D:5      | Reached skill level 6 in Axes
  3333 | D:5      | Reached XP level 7. HP: 28/61 MP: 6/6
  3727 | D:5      | HP: 3/62 [gnoll/+0 spear[a gnoll sergeant] (3)]
  3730 | D:5      | Succumbed to a gnoll sergeant's poison

Illustrated notes

Levels and vault maps discovered:
D:1:      psy_arrival_terrarium, layout_basic, serial_shops, shop,
          reono_crystal_passage
D:2:      layout_basic, nicolae_wormholes
D:3:      layout_basic, chequers_temple_overflow_statue_of_worship,
          nicolae_overflow_hidden_temple, minmay_fountain_box, minivault_19,
          grunt_ministairs_3, uniq_jessica
D:4:      layout_cave_pools, mainiacjoe_overflow_surrounded_room, serial_shops,
          nicolae_shop_tiny_waterfront, nicolae_shop_tiny_waterfront,
          nicolae_stop_n_shop_2, shop, nicolae_shop_tiny_statue_garden
D:5:      layout_cave_pools, kennysheep_generic_room_10

Skill      XL: |  1  2  3  4  5  6 |
---------------+-------------------+-----
Axes           | 3 4 5 6 |  6.9
Armour         | 4 5 |  5.9
Fighting       | 4 5 |  5.8
Shields        | 4 5 |  5.8

Action                     |  1- 3 |  4- 6 |  7- 9 || total
---------------------------+-------+-------+-------++-------
  Melee: War axe           |    71 |    90 |    50 ||   211
         Headbutt          |     6 |    10 |    12 ||    28
    Use: Scroll            |       |     6 |       ||     6
         Potion            |       |     2 |     4 ||     6
 Armour: Scale mail        |    37 |    47 |    26 ||   110
  Dodge: Dodged            |    40 |    42 |    21 ||   103
  Block: Buckler           |    17 |    19 |    10 ||    46
